AoeStats
← akosta

Arabia

505566785Analyzed
1v1 RM · 21d ago on Sep 10, 2026· 44m 47s· 2 players
Game mode
Random Map
Map size
Tiny (2 player)
Population
200
Speed
Normal
Resources
Standard
Victory
Conquest
Starting age
Dark Age
Ending age
Imperial Age
RankedLock teamsTeams togetherTeam positionsShared explorationLock speedFull tech treeHidden civsTurbo modeCheats
Victory
Defeat
🇦🇷 Malians · Argentina
1179
+15
🇨🇦 Huns · Canada
1166
-15
akosta
7:40 Loom
10:10 Feudal Age
10:46 Double-Bit Axe
10:46 Horse Collar
20:47 Castle Age
19:09 Gold Mining
21:12 Fletching
21:50 Bodkin Arrow
22:00 Husbandry
22:35 Bow Saw
23:00 Bloodlines
26:55 Ballistics
28:37 Gold Shaft Mining
28:54 Wheelbarrow
28:45 Heavy Plow
32:29 Town Watch
33:41 Hand Cart
39:33 Imperial Age
37:08 Padded Archer Armor
40:26 Scale Barding Armor
40:31 Forging
40:37 Marauders
41:16 Conscription
41:35 Stone Mining
42:48 Two-Man Saw
42:32 Chain Barding Armor
44:37 Plate Barding Armor
juliben94
6:12 Loom
8:34 Feudal Age
20:59 Castle Age
19:53 Horse Collar
20:00 Double-Bit Axe
20:50 Bloodlines
21:22 Forging
26:03 Scale Barding Armor
28:01 Husbandry
34:01 Chain Barding Armor
34:35 Fletching
39:53 Iron Casting
42:23 Imperial Age
41:09 Wheelbarrow
40:19 Town Watch
40:36 Heavy Plow
40:50 Gold Mining
41:12 Bow Saw
41:43 Stone Mining
41:25 Light Cavalry
42:59 Gold Shaft Mining
42:25 Heavy Camel Rider
43:28 Conscription
44:56 Farimba
Connection lost

Rejoining the realm…

Still unreachable

The connection could not be restored.

Session expired

The server has moved on; the page needs a fresh start.